 Dungeon Crawl Stone Soup version 0.27-a0-242-ge0fc76b88b (webtiles) character file.

Game seed: 13359670921509745049

61283 mortress the Bewitcher (level 14, -3/63 HPs)
             Began as a Felid Enchanter on Feb 2, 2021.
             Was an Elder of Hepliaklqana.
             Slain by a naga warrior
             ... wielding a +0 trident
              (29 damage)
             ... on level 3 of the Snake Pit on Feb 3, 2021.
             The game lasted 05:51:40 (58513 turns).

mortress the Bewitcher (Felid Enchanter)           Turns: 58513, Time: 05:51:41

Health: -3/63      AC:  7    Str:  4    XL:     14   Next: 60%
Magic:  24/24      EV: 33    Int: 21    God:    Hepliaklqana [****..]
Gold:   393        SH:  0    Dex: 24    Spells: 3/26 levels left
                                        Lives:  0   Deaths: 4

rFire    + . .     SeeInvis +     - Unarmed
rCold    . . .     Faith    .   (shield unavailable)
rNeg     + . .     Spirit   .   (armour unavailable)
rPois    +         Reflect  .   (helmet unavailable)
rElec    +         Harm     .   (cloak unavailable)
rCorr    .         Rampage  .   (gloves unavailable)
Will     ++...                  (boots unavailable)
Stlth    ++++++....             F - amulet "Utetril" {Acrobat Int+3 Dex+4}
HPRegen  0.00/turn              p - +4 ring of protection
MPRegen  0.19/turn              u - ring "Zuunnen" {Fire rElec rPois rN+ Str-2}

@: quick
A: very small, no armour, no weapons or thrown items, stealth, reduced essence,
claws 1, fangs 3, see invisible, speed 1, shaggy fur 3, inhibited regeneration,
sharp paws
a: Renounce Religion, Recall Ancestor, Ancestor Identity, Transference, Idealise


You were on level 3 of the Snake Pit.
You worshipped Hepliaklqana.
Hepliaklqana was greatly pleased with you.
You visited 6 branches of the dungeon, and saw 23 of its levels.
You also visited: Ossuary and Volcano.

You collected 2802 gold pieces.
You spent 2409 gold pieces at shops.

Inventory:

Jewellery
 f - a +6 ring of intelligence
 m - an uncursed amulet of regeneration
 p - a +4 ring of protection (left paw)
 u - the ring "Zuunnen" (right paw) {Fire rElec rPois rN+ Str-2}
   (You found it on level 5 of the Dungeon)

   [ring of fire]

   It enhances your fire magic.
   It affects your strength (-2).
   It protects you from fire.
   It makes you vulnerable to cold.
   It insulates you from electricity.
   It protects you from poison.
   It protects you from negative energy.
 z - the ring of Moon Esu {rN+ rCorr Dex+2}
   (You took it off a kobold on level 8 of the Dungeon)

   [ring of resist corrosion]

   It affects your dexterity (+2).
   It protects you from negative energy.
   It provides partial protection from all sources of acid and corrosion.
 F - the amulet "Utetril" (around neck) {Acrobat Int+3 Dex+4}
   (You found it on level 5 of the Lair of Beasts)

   [amulet of the acrobat]

   It helps you evade while moving and waiting.
   It affects your intelligence (+3).
   It affects your dexterity (+4).
 J - a +4 ring of protection
Wands
 a - a wand of digging (2)
 b - a wand of random effects (50)
 v - a wand of acid (8)
 H - a wand of charming (2)
 M - a wand of mindburst (2)
 N - a wand of paralysis (5)
 P - a wand of iceblast (2)
Scrolls
 i - 4 scrolls of immolation
 k - 2 scrolls of fear
 l - 12 scrolls of remove curse
 n - 2 scrolls of amnesia
 q - 3 scrolls of magic mapping
 t - 5 scrolls of blinking
 w - 2 scrolls of torment
 x - a scroll of teleportation
 y - 6 scrolls of fog
 L - 3 scrolls of identify
Potions
 c - a potion of magic
 d - a potion of brilliance
 e - 5 potions of mutation
 h - 2 potions of lignification
 j - 8 potions of curing
 o - a potion of flight
 r - 3 potions of might
 s - 4 potions of haste
 A - 6 potions of ambrosia
 C - 2 potions of resistance
 G - 2 potions of attraction
 I - a potion of cancellation
Miscellaneous
 g - a lightning rod (inert)
 D - a phantom mirror (inert)
 K - a phantom mirror (inert)


   Skills:
 + Level 13.8 Fighting
 + Level 13.7 Dodging
 + Level 13.8 Stealth
 * Level 11.6 Unarmed Combat
 + Level 6.5 Spellcasting
 + Level 15.2 Hexes
 - Level 3.0 Transmutations
 - Level 0.9 Ice Magic
 * Level 11.3 Invocations
 - Level 10.2 Evocations


You had 3 spell levels left.
You knew the following spells:

 Your Spells              Type           Power        Failure   Level
a - Corona                Hex            70%          1%          1
b - Ensorcelled Hibernat  Hex/Ice        80%          1%          2
c - Confusing Touch       Hex            63%          1%          3
d - Tukima's Dance        Hex            63%          1%          3
e - Slow                  Hex            63%          1%          2
f - Cause Fear            Hex            31%          1%          4
g - Inner Flame           Hex/Fire       55%          1%          3
h - Yara's Violent Unrav  Hex/Tmut       22%          6%          5

Your spell library contained the following spells:

 Spells                   Type           Power        Failure   Level
 Dazzling Flash           Conj/Hex       76%          1%          3
 Foxfire                  Conj/Fire      40%          10%         1
 Magic Dart               Conj           24%          10%         1
 Shock                    Conj/Air       24%          10%         1
 Blink                    Tloc           N/A          14%         2
 Call Imp                 Summ           6%           14%         2
 Searing Ray              Conj           12%          14%         2
 Swiftness                Air            6%           14%         2
 Conjure Flame            Conj/Fire      10%          28%         3
 Mephitic Cloud           Conj/Pois/Air  6%           28%         3
 Static Discharge         Conj/Air       6%           28%         3
 Fulminant Prism          Conj/Hex       19%          4%          4
 Leda's Liquefaction      Hex/Erth       19%          4%          4
 Silence                  Hex/Air        19%          12%         5
 Airstrike                Air            3%           67%         4
 Sticky Flame             Conj/Fire      10%          67%         4
 Discord                  Hex            31%          75%         8
 Fireball                 Conj/Fire      5%           95%         5
 Lightning Bolt           Conj/Air       3%           95%         5
 Borgnjor's Revivificati  Necr           3%           100%        8
 Infestation              Necr           3%           100%        8
 Necromutation            Tmut/Necr      6%           100%        8
 Death's Door             Necr           3%           100%        9
 Portal Projectile        Hex/Tloc       Unusable     N/A         3

Dungeon Overview and Level Annotations

Branches:
Dungeon (10/15)            Temple (1/1) D:6            Lair (6/6) D:9
  Swamp (0/4) Lair:3        Snake (3/4) Lair:3        Slime (0/5) Lair:5
    Orc (2/2) D:9             Elf (1/3) Orc:2       Ossuary (visited)
Volcano (visited)

Altars:
Ashenzari
Cheibriados
Dithmenos
Elyvilon
Fedhas
Gozag
Hepliaklqana
Kikubaaqudgha
Makhleb
Nemelex Xobeh
Okawaru
Qazlal
Ru
Sif Muna
Trog
Uskayaw
Vehumet
Wu Jian
Xom
Yredelemnul
Zin
The Shining One
Jiyva

Shops:
Orc:1 :(*   Orc:2 }[!*   Snake:1 }(=

Portals:
Hell: Lair:6
Pandemonium: Orc:2

Annotations:
D:2 1 runed translucent door, Crazy Yiuf
D:3 Grinder
D:7 3 runed translucent doors, exclusion: door, Faydwarf's ghost, novice TrBe
Lair:2 1 runed translucent door, pigah's ghost, journeyman OpWn
Lair:5 exclusion: 4 oklob plants
Orc:2 3 exclusions


Innate Abilities, Weirdness & Mutations

You cannot wear armour.
You are incapable of wielding weapons or throwing items.
Your paws allow you to move quietly. (Stealth)
You have sharp claws.
You have razor-sharp teeth.
You have supernaturally acute eyesight. (SInv)
You cover ground quickly.
Your thick and shaggy fur keeps you warm. (AC +3, rC+)
Your sharp claws are effective at attacking unaware monsters.
Your life essence is reduced to manifest your ancestor. (-10% HP)
You do not regenerate when monsters are visible.


Message History

Unknown command.
The salamander hits Fikile but does no damage.
The naga warrior completely misses you.
The naga sharpshooter gestures wildly while chanting.
The naga sharpshooter magically shoots an arrow.
The arrow completely misses you.
Fikile hits the salamander with a +0 flail!
The salamander dies!
You see here a guardian serpent corpse.
Things that are here:
a +0 halberd; a +0 robe; a salamander corpse The naga warrior blocks your attack.
The naga warrior is almost dead.
The naga warrior hits you with a +0 trident!
The naga warrior completely misses you.
Fikile closely misses the naga warrior.
You claw the naga warrior!
The naga warrior is almost dead.
A naga warrior comes into view. It is wielding a +0 hand axe.
The naga warrior hits you with a +0 trident!!
You die...

##.......## #... ##.^..⌠....##
#.. ##...#####†..## ##...##
##)..## ## #...#########...#
..## ####...###...###...#####
#..###
........N.....).......'.###.....
..#⌠.....⌠..>..RN....⌠#.##......
..'...........)@)†....N.........
#.###...###...###...####........
# #...# ##### #...#....†......
##.). #...##....#..N... ##..
#...##....####)... ##
....######## ##N.. ....# ##....
<.## ##..... ## ###[...<.


You could see the friendly Fikile the knight, 2 naga warriors and a naga
sharpshooter.

Vanquished Creatures
  Bai Suzhen (Snake:2)
  Frances (Snake:2)
  Kirke (Lair:4)
  Donald (Snake:1)
  Aizul (Snake:1)
  A deep elf annihilator (Elf:1)
  An ettin (D:9)
  2 deep elf death magi (Elf:1)
  Snorg (Lair:6)
  Josephine (Snake:1)
  Harold (D:8)
  2 naga warriors
  9 hydras
  4 boulder beetles
  Erica (D:8)
  4 anacondas
  A dancing weapon (Elf:1)
  4 death yaks (Lair:5)
  4 orc high priests (Orc:2)
  8 naga sharpshooters
  2 soul eaters (Orc:2)
  A shock serpent (Snake:3)
  A deep elf knight (Elf:1)
  2 salamander mystics
  2 skeletal warriors (Volcano)
  An unseen horror (D:10)
  A gelid demonspawn (Orc:2)
  An infernal demonspawn (Orc:2)
  A deep elf archer (Elf:1)
  Pikel (D:8)
  A naga ritualist (Snake:2)
  2 orc knights (Orc:2)
  A wizard (Lair:6)
  3 deep elf pyromancers (Elf:1)
  6 deep elf zephyrmancers (Elf:1)
  2 orc sorcerers (Orc:2)
  An anaconda skeleton (Volcano)
  3 mana vipers
  3 oklob plants (Lair:3)
  6 salamanders
  A guardian serpent (Snake:3)
  9 black mambas
  7 naga magi
  A torpor snail (Lair:6)
  3 gargoyles
  18 cane toads
  5 rime drakes
  11 komodo dragons
  An ice devil (Lair:6)
  A hellwing (Lair:6)
  A queen bee (Lair:5)
  A troll (Orc:2)
  A polar bear (Lair:3)
  2 meliai (Lair:5)
  2 harpy skeletons (Volcano)
  33 blink frogs
  5 wraiths (Snake:1)
  A shadow (D:9)
  2 flying skulls (Volcano)
  An alligator skeleton (Volcano)
  4 basilisks
  4 wyverns
  29 yaks
  A fire elemental (Elf:1)
  A steam dragon (Lair:2)
  A warg (Orc:2)
  17 nagas
  A two-headed ogre zombie (D:9)
  4 hell hounds
  13 water moccasins
  A black bear (Lair:3)
  2 ice beasts
  12 orc warriors
  8 ogres
  A wolf (Lair:6)
  A necrophage (D:7)
  2 centaurs
  2 phantoms
  3 lemures (D:8)
  A big kobold (D:7)
  13 bullfrogs
  4 scorpions (Ossuary)
  A troll zombie (D:9)
  27 killer bees
  2 troll skeletons (Volcano)
  A spriggan skeleton (Volcano)
  6 knights
  A bullfrog zombie (D:5)
  3 centaur zombies
  2 bullfrog skeletons
  5 hounds
  2 human zombies (Ossuary)
  15 orc priests
  6 orc wizards
  Natasha (thrice) (D:2)
  3 iguanas
  6 worker ants
  8 hell rats
  4 big kobold zombies (Ossuary)
  3 ogre zombies (D:9)
  A hound zombie (D:7)
  3 mummies (Ossuary)
  3 gnolls (D:5)
  2 scorpion zombies (Ossuary)
  4 adders
  8 river rats (Lair:2)
  A shadow imp (D:8)
  3 white imps
  2 ufetubi
  2 oozes
  2 adder skeletons
  An adder zombie (D:7)
  3 worms (D:2)
  5 leopard geckos
  35 orcs
  A giant cockroach (D:4)
  A gnoll zombie (Ossuary)
  8 goblins
  3 hobgoblins
  15 jackals
  6 quokkas
  A ball python (D:1)
  2 bats (D:1)
  6 frilled lizards
  A goblin zombie (Ossuary)
  6 hobgoblin zombies
  2 jackal skeletons (D:4)
  10 kobolds
  A kobold zombie (Ossuary)
  An orc skeleton (D:9)
  15 orc zombies
  A quokka skeleton (D:4)
  13 rats
587 creatures vanquished.

Vanquished Creatures (collateral kills)
  An anaconda (Snake:2)
  3 death yaks (Lair:5)
  4 orc high priests (Orc:2)
  2 sun demons
  2 infernal demonspawn (Orc:2)
  2 lindwurms
  A deep elf pyromancer (Elf:1)
  2 orc knights (Orc:2)
  A deep elf zephyrmancer (Elf:1)
  A mana viper (Snake:2)
  3 salamanders
  3 orc sorcerers (Orc:2)
  An oklob plant (Lair:3)
  A naga mage (Snake:2)
  An elephant (Lair:5)
  A torpor snail (Lair:6)
  A rust devil (Orc:2)
  2 cane toads
  2 gargoyles (Volcano)
  3 rime drakes
  A komodo dragon (Lair:6)
  2 ice devils (Lair:6)
  A hellwing (Orc:2)
  A red devil (Lair:6)
  The ghost of canine the Fighter, an amateur GnWn (D:4)
  A meliai (Lair:5)
  2 trolls (Orc:2)
  12 blink frogs
  2 harpy skeletons (Volcano)
  A flying skull (Volcano)
  11 yaks
  2 wyverns
  A hog (Lair:4)
  3 basilisks
  A steam dragon (D:9)
  A neqoxec (Orc:2)
  9 water moccasins
  8 nagas
  An acid dragon (D:9)
  2 hell hounds (Lair:6)
  14 orc warriors
  A necrophage (D:10)
  A sky beast (D:7)
  5 ogres
  A centaur (D:10)
  A big kobold (D:10)
  3 bullfrogs
  A water moccasin zombie (D:8)
  A troll zombie (D:9)
  22 killer bees
  A troll skeleton (Volcano)
  2 jellies
  10 orc priests
  2 bullfrog skeletons
  An iguana (D:7)
  4 hell rats
  7 orc wizards
  2 ogre zombies (D:9)
  A naga skeleton (Volcano)
  A hound zombie (D:10)
  2 adders (D:7)
  9 river rats
  An ufetubus (D:8)
  30 orcs
  3 quokkas (Lair:2)
  A goblin skeleton (D:9)
  A goblin zombie (D:9)
  4 kobolds
  An orc skeleton (D:9)
  6 orc zombies (D:9)
  3 rats (Lair:2)
  3 bushes (D:10)
245 creatures vanquished.

Vanquished Creatures (others)
  A deep elf zephyrmancer (Elf:1)
  13 dancing weapons
  A human (Lair:4)
  3 killer bees (Lair:5)
  An ice beast (D:7)
  5 scorpions (Ossuary)
  A centaur zombie (Ossuary)
  36 knights
  11 ancestors
  69 fungi
  63 plants
204 creatures vanquished.

Grand Total: 1036 creatures vanquished

Notes
Turn   | Place    | Note
-------+----------+-------------------------------------------
     0 | D:1      | mortress the Felid Enchanter began the quest for the Orb.
     0 | D:1      | Reached XP level 1. HP: 7/7 MP: 4/4
   850 | D:1      | Reached XP level 2. HP: 8/12 MP: 4/6
   948 | D:1      | Learned a level 2 spell: Ensorcelled Hibernation
  2107 | D:2      | Reached XP level 3. HP: 15/15 MP: 7/7
  2619 | D:2      | Noticed Natasha
  2691 | D:2      | Killed Natasha
  2692 | D:2      | Reached skill level 5 in Stealth
  2784 | D:2      | Reached skill level 5 in Hexes
  2850 | D:2      | Noticed Natasha
  3132 | D:2      | Found a runed translucent door.
  3133 | D:2      | Noticed Crazy Yiuf
  3199 | D:2      | Reached skill level 1 in Fighting
  3315 | D:2      | Killed Natasha
  3316 | D:2      | Reached XP level 4. HP: 9/19 MP: 5/8
  3328 | D:2      | Noticed Natasha
  3819 | D:2      | Learned a level 3 spell: Confusing Touch
  3869 | D:2      | Killed Natasha
  4494 | D:3      | Noticed Grinder
  4512 | D:3      | Found a faded altar of an unknown god.
  5179 | D:3      | Found a broken altar of Ashenzari.
  5183 | D:3      | Saw a vision of the Swamp and the Snake Pit.
  5183 | D:3      | Noticed a vampire mosquito
  5183 | D:3      | Noticed a vampire mosquito
  5183 | D:3      | Noticed a vampire mosquito
  5183 | D:3      | Noticed an alligator
  5183 | D:3      | Noticed a vampire mosquito
  5183 | D:3      | Noticed a vampire mosquito
  5183 | D:3      | Noticed a vampire mosquito
  5183 | D:3      | Noticed a naga
  5183 | D:3      | Noticed a naga
  5183 | D:3      | Noticed a goliath frog
  5183 | D:3      | Noticed a vampire mosquito
  5183 | D:3      | Noticed a vampire mosquito
  5183 | D:3      | Noticed a black mamba
  5183 | D:3      | Noticed a naga sharpshooter
  5183 | D:3      | Noticed a will-o-the-wisp
  5183 | D:3      | Noticed a vampire mosquito
  5184 | D:3      | Noticed a naga mage
  5256 | D:3      | Reached XP level 5. HP: 20/22 MP: 9/9
  5545 | D:3      | HP: 1/22 [Grinder (1)]
  6199 | D:4      | Found a sacrificial altar of Ru.
  6237 | D:4      | Found a sand-covered staircase.
  6386 | Ossuary  | Entered an ossuary
  6973 | Ossuary  | Reached skill level 1 in Evocations
  6973 | Ossuary  | Gained mutation: You are covered in thick fur. (AC +2)
                  | [Felid growth]
  6973 | Ossuary  | Reached XP level 6. HP: 16/26 MP: 6/10
  8233 | Ossuary  | Reached XP level 7. HP: 13/30 MP: 5/12
  8426 | Ossuary  | Reached skill level 6 in Hexes
  9556 | D:4      | Found a runed translucent door.
  9556 | D:4      | Noticed canine's ghost (amateur GnWn)
 10932 | D:5      | Entered Level 5 of the Dungeon
 11395 | D:5      | Got a slimy turquoise ring
 11398 | D:5      | Identified the ring "Zuunnen" {Fire rElec rPois rN+ Str-2}
                  | (You found it on level 5 of the Dungeon)
 13488 | D:6      | Reached skill level 5 in Dodging
 13488 | D:6      | Reached XP level 8. HP: 12/34 MP: 14/14
 13760 | D:6      | Learned a level 3 spell: Tukima's Dance
 13763 | D:6      | Learned a level 2 spell: Slow
 15642 | D:6      | Found a staircase to the Ecumenical Temple.
 15647 | Temple   | Entered the Ecumenical Temple
 15684 | Temple   | Became a worshipper of Hepliaklqana the Forgotten
 16457 | D:7      | Reached skill level 7 in Hexes
 16968 | D:7      | Found a runed translucent gate.
 16968 | D:7      | Found a runed translucent gate.
 16969 | D:7      | Found a runed translucent gate.
 16993 | D:7      | You fall into a shaft and drop 3 floors!
 16993 | D:10     | Entered Level 10 of the Dungeon
 17065 | D:8      | Noticed Pikel
 17126 | D:8      | Reached * piety under Hepliaklqana
 17644 | D:7      | Reached skill level 1 in Invocations
 17900 | D:7      | Noticed a deep elf pyromancer
 17927 | D:7      | Noticed a slime creature
 18115 | D:7      | Noticed Faydwarf's ghost (novice TrBe)
 18277 | D:7      | Reached XP level 9. HP: 27/35 MP: 16/16
 18567 | D:7      | Reached skill level 5 in Fighting
 18766 | D:8      | Slain by an orc warrior
 18767 | D:8      | Reached XP level 8. HP: 0/33 MP: 4/15
 19086 | D:8      | Noticed Harold
 19152 | D:8      | Noticed Erica
 19540 | D:8      | Reached skill level 8 in Hexes
 19593 | D:8      | HP: 1/33 [rock wall collision (9)]
 19601 | D:8      | Killed Erica
 19602 | D:8      | Reached XP level 9. HP: 19/36 MP: 10/16
 19658 | D:8      | Killed Pikel
 19659 | D:8      | Reached skill level 5 in Evocations
 19998 | D:8      | Killed Harold
 19999 | D:8      | Reached skill level 5 in Unarmed Combat
 20665 | D:8      | Identified the ring of Moon Esu {rN+ rCorr Dex+2}
 20705 | D:8      | Reached skill level 5 in Spellcasting
 21758 | D:9      | Found a staircase to the Orcish Mines.
 21806 | D:9      | Reached XP level 10. HP: 34/41 MP: 16/18
 21812 | D:9      | Reached skill level 9 in Hexes
 22435 | D:9      | Reached ** piety under Hepliaklqana
 22453 | D:9      | Remembered your ancestor Fikile as a knight
 22920 | D:9      | Found a staircase to the Lair.
 23205 | D:9      | Learned a level 4 spell: Cause Fear
 23783 | D:10     | Noticed a gargoyle
 23783 | D:10     | Noticed an unseen horror
 24170 | D:10     | Noticed an unseen horror
 24210 | D:10     | HP: 1/43 [gargoyle/stone arrow (21)]
 24216 | D:10     | Killed a gargoyle
 24362 | D:10     | Killed an unseen horror
 24691 | D:10     | Reached XP level 11. HP: 30/45 MP: 17/20
 25034 | Lair:1   | Entered Level 1 of the Lair of Beasts
 25101 | Lair:1   | Reached skill level 10 in Hexes
 25820 | Lair:1   | Reached skill level 5 in Invocations
 26925 | Lair:2   | You fall into a shaft and drop 2 floors!
 26947 | Lair:4   | Noticed a lindwurm
 26969 | Lair:4   | Reached *** piety under Hepliaklqana
 27147 | Lair:4   | Killed from afar by a lindwurm
 27148 | Lair:4   | Reached XP level 10. HP: -6/44 MP: 5/20
 27208 | Lair:4   | Noticed a cane toad
 27309 | Lair:2   | Reached XP level 11. HP: 47/47 MP: 17/21
 27335 | Lair:2   | Noticed a boulder beetle
 27643 | Lair:2   | Reached skill level 11 in Hexes
 27748 | Lair:2   | Found a runed translucent door.
 27750 | Lair:2   | Noticed pigah's ghost (journeyman OpWn)
 29422 | Lair:2   | Killed a boulder beetle
 29423 | Lair:2   | Reached skill level 10 in Fighting
 29423 | Lair:2   | Reached skill level 10 in Dodging
 29423 | Lair:2   | Reached skill level 10 in Stealth
 29638 | Lair:3   | Noticed a five-headed hydra
 29751 | Lair:3   | Reached **** piety under Hepliaklqana
 29761 | Lair:3   | Found a staircase to the Snake Pit.
 30049 | Lair:3   | Found a basalt altar of Yredelemnul.
 30100 | Lair:3   | You fall into a shaft and drop 3 floors!
 30100 | Lair:6   | Entered Level 6 of the Lair of Beasts
 30101 | Lair:6   | Noticed a four-headed hydra
 30102 | Lair:6   | Killed a four-headed hydra
 30111 | Lair:5   | Noticed a six-headed hydra
 30389 | Lair:6   | Noticed a boulder beetle
 30482 | Lair:5   | Noticed a seven-headed hydra
 30501 | Lair:5   | Gained mutation: Your thick and shaggy fur keeps you warm.
                  | (AC +3, rC+) [Felid growth]
 30501 | Lair:5   | Reached XP level 12. HP: 19/52 MP: 4/22
 30503 | Lair:5   | Killed a seven-headed hydra
 30581 | Lair:5   | Noticed a six-headed hydra
 30607 | Lair:5   | Killed a six-headed hydra
 30637 | Lair:5   | Reached skill level 12 in Hexes
 30954 | Lair:5   | Noticed a boulder beetle
 30971 | Lair:5   | Killed a boulder beetle
 31004 | Lair:5   | Noticed a death yak
 31035 | Lair:5   | Learned a level 3 spell: Dazzling Flash
 31040 | Lair:5   | Killed a death yak
 31528 | Lair:5   | Killed a six-headed hydra
 32083 | Lair:5   | Reached XP level 13. HP: 56/56 MP: 23/23
 32138 | Lair:5   | Found a viscous altar of Jiyva.
 32139 | Lair:5   | Found a staircase to the Slime Pits.
 32205 | Lair:4   | Noticed Kirke
 33354 | D:4      | Killed canine's ghost
 33370 | D:4      | Learned a level 5 spell: Yara's Violent Unravelling
 33598 | Lair:3   | Found a staircase to the Swamp.
 34318 | Lair:3   | Reached skill level 1 in Transmutations
 34736 | Lair:4   | Killed Kirke
 36545 | Lair:5   | Learned a level 3 spell: Inner Flame
 36825 | Lair:5   | Got a transparent ruby amulet
 36832 | Lair:5   | Identified the amulet "Utetril" {Acrobat Int+3 Dex+4} (You
                  | found it on level 5 of the Lair of Beasts)
 37258 | Lair:6   | Noticed Snorg
 37290 | Lair:6   | Killed Snorg
 37431 | Lair:6   | Reached skill level 13 in Hexes
 38710 | Lair:5   | Reached XP level 14. HP: 61/62 MP: 24/24
 39509 | Lair:6   | Found a burning altar of Makhleb.
 40352 | Lair:6   | Reached skill level 10 in Evocations
 40385 | Lair:6   | Found a gateway to Hell.
 40652 | Orc:1    | Entered Level 1 of the Orcish Mines
 40778 | Orc:1    | Found a dark tunnel.
 40987 | Volcano  | Entered a volcano
 42194 | Orc:1    | Found Hadigh's Weapon Shop.
 42213 | Orc:1    | Reached ***** piety under Hepliaklqana
 42717 | Orc:1    | Found Tusaret's Book Boutique.
 42869 | Orc:1    | Found Ximastus's General Store.
 43108 | Orc:1    | Bought a scroll of identify for 30 gold pieces
 43108 | Orc:1    | Bought a scroll of teleportation for 45 gold pieces
 43108 | Orc:1    | Bought a potion of heal wounds for 75 gold pieces
 43108 | Orc:1    | Bought a potion of haste for 150 gold pieces
 43233 | Orc:2    | Entered Level 2 of the Orcish Mines
 43860 | Orc:2    | Found a staircase to the Elven Halls.
 45271 | Orc:2    | Found Mawog's General Store.
 45273 | Orc:2    | Found Odaf Diu's Distillery.
 45891 | Orc:2    | Bought a potion of heal wounds for 65 gold pieces
 45891 | Orc:2    | Bought a potion of curing for 39 gold pieces
 45891 | Orc:2    | Bought a potion of resistance for 130 gold pieces
 45891 | Orc:2    | Bought a potion of heal wounds for 65 gold pieces
 45891 | Orc:2    | Bought a potion of might for 52 gold pieces
 45891 | Orc:2    | Bought a potion of curing for 39 gold pieces
 45891 | Orc:2    | Bought a potion of lignification for 39 gold pieces
 45891 | Orc:2    | Bought a potion of attraction for 39 gold pieces
 45891 | Orc:2    | Bought a potion of ambrosia for 104 gold pieces
 45893 | Orc:2    | Bought a potion of heal wounds for 65 gold pieces
 45922 | Orc:2    | Gained mutation: You do not regenerate when monsters are
                  | visible. [a neqoxec]
 46309 | Orc:2    | Reached skill level 14 in Hexes
 47022 | Orc:2    | Slain by a sixfirhy
 47023 | Orc:2    | Reached XP level 13. HP: -4/59 MP: 15/23
 48057 | Orc:2    | Reached XP level 14. HP: 63/63 MP: 18/24
 48125 | Orc:2    | Reached skill level 10 in Unarmed Combat
 48471 | Orc:2    | Found Zaclybie's Gadget Emporium.
 48471 | Orc:2    | Found Heteihap's Antique Armour Shoppe.
 48552 | Orc:2    | Found a one-way gate leading to the halls of Pandemonium.
 48592 | Orc:2    | Bought a lightning rod (4/4) for 330 gold pieces
 48592 | Orc:2    | Bought a wand of acid (8) for 264 gold pieces
 48592 | Orc:2    | Bought a wand of acid (2) for 132 gold pieces
 48592 | Orc:2    | Bought a wand of acid (5) for 198 gold pieces
 48592 | Orc:2    | Bought a phantom mirror for 440 gold pieces
 48636 | Elf:1    | Entered Level 1 of the Elven Halls
 48943 | Elf:1    | Found the +3 robe of Folly {Archmagi, Will-- Int+5}
 49557 | Elf:1    | Reached skill level 10 in Invocations
 49999 | Elf:1    | Identified the Volume of Attacks
 50497 | Snake:1  | Entered Level 1 of the Snake Pit
 50508 | Snake:1  | Found Boide's Gadget Boutique.
 50510 | Snake:1  | Found Utituic's Weapon Shop.
 50513 | Snake:1  | Found Buerghof's Jewellery Boutique.
 50516 | Snake:1  | Bought a wand of iceblast (5) for 108 gold pieces
 51126 | Snake:1  | Noticed Josephine
 51140 | Snake:1  | Killed Josephine
 51754 | Snake:1  | Noticed Aizul
 51762 | Snake:1  | Killed Aizul
 52523 | Snake:2  | Noticed Donald
 52848 | Snake:2  | Noticed Frances
 53390 | Snake:1  | Killed Donald
 53733 | Snake:2  | Killed Frances
 53817 | Snake:2  | Reached XP level 15. HP: 24/66 MP: 3/25
 55780 | Snake:3  | Reached skill level 15 in Hexes
 56046 | Snake:3  | Noticed Bai Suzhen
 57081 | Snake:2  | Slain by Bai Suzhen
 57082 | Snake:2  | Reached XP level 14. HP: 0/63 MP: 22/24
 57245 | Snake:2  | Killed Bai Suzhen
 58513 | Snake:3  | Slain by a naga warrior

Illustrated notes

Levels and vault maps discovered:
D:1:      dpeg_arrival_long_road, layout_basic, minmay_bisected
D:2:      layout_loops_ring, minmay_misc_feat_encased, uniq_natasha,
          uniq_crazy_yiuf_cottage
D:3:      layout_basic, chequers_ecumenical_altar_simple_redux,
          grunt_ashenzari_visionary [grunt_ashenzari_visionary_swamp,
          grunt_ashenzari_visionary_snake], uniq_grinder
D:4:      layout_layer_cave, nicolae_ru_path_of_blood, enter_ossuary_5,
          ebering_ghost_inner_flame
D:5:      layout_layer_cave
D:6:      layout_basic, minmay_temple_entry_nine_rooms
D:7:      layout_gridville, gammafunk_ghost_icy, minmay_shattered_shrine
D:8:      layout_basic, feat_on_display, uniq_pikel, uniq_harold, uniq_erica
D:9:      layout_basic, erik_lair_dragon, zombieorc2_lemuel
D:10:     layout_cave_pods, serial_park, serial_park_avenue1,
          serial_park_square3 [serial_park_minivault_5x5_8], bh_walls_and_bars
Temple:   compressed_dpeg_circular_temple
Lair:1:   layout_hall_layers
Lair:2:   lemuel_ratsnest, layout_chaotic_city, ebering_ghost_inner_flame
Lair:3:   layout_regular_city, minmay_swamp_entry_reptiles,
          guppyfry_snake_entry_garden, amcnicky_altar_gilded,
          minmay_lair_oklob_chamber
Lair:4:   layout_roguey, uniq_kirke
Lair:5:   hangedman_what_comes_after_a, layout_misc_corridors,
          dpeg_slime_entry_enclosed_altar
Lair:6:   evil_forest, layout_gridlike, uniq_snorg
Snake:1:  layout_gridlike, serial_bayou_pond_e, minmay_shop_star,
          uniq_josephine, uniq_aizul
Snake:2:  layout_onion_interference, special_room, grunt_megastairs_1,
          uniq_frances, uniq_donald
Snake:3:  layout_onion, basic_altar, grunt_megastairs_5, uniq_bai_suzhen
Orc:1:    layout_diamond_mine, serial_shops, shop, shop, shop, enter_volcano_3,
          rock_pile
Orc:2:    pf_orc_diabolical, layout_caves, nicolae_orc_lava_room
Elf:1:    eino_elf_arrival_customs, layout_loops_cross, minmay_elf_annihilation

Skill      XL: |  1  2  3  4  5  6  7  8  9 10 11 12 13 14 15 |
---------------+----------------------------------------------+-----
Dodging        | 3 4 5 6 7 8 10 11 13 | 13.7
Stealth        | 5 6 7 8 10 11 12 13 | 13.8
Hexes          | 5 6 8 9 11 12 13 14 15 | 15.2
Fighting       | 1 2 3 4 6 8 10 11 12 13 | 13.8
Unarmed Combat | 2 3 4 5 6 7 8 9 11 | 11.6
Evocations     | 1 2 4 5 6 8 9 10 | 10.2
Spellcasting   | 3 4 5 6 |  6.5
Invocations    | 2 3 4 6 7 8 10 11 | 11.3
Transmutations | 3 |  3.0
Ice Magic      | |  0.9

Action                   |  1- 3 |  4- 6 |  7- 9 | 10-12 | 13-15 || total
-------------------------+-------+-------+-------+-------+-------++-------
Melee: Unarmed           |   110 |   221 |   551 |   660 |  1209 ||  2751
       Bite              |     6 |    17 |    43 |    83 |   153 ||   302
       Punch             |       |     6 |     7 |    18 |    65 ||    96
 Cast: Corona            |    15 |     2 |     1 |       |     1 ||    19
       Ensorcelled Hiber |    22 |    10 |    16 |    68 |    35 ||   151
       Confusing Touch   |       |    17 |    32 |    47 |    87 ||   183
       Tukima's Dance    |       |       |    20 |     1 |    80 ||   101
       Slow              |       |       |    12 |    25 |    43 ||    80
       Cause Fear        |       |       |       |    28 |    26 ||    54
       Dazzling Flash    |       |       |       |     1 |       ||     1
       Inner Flame       |       |       |       |       |    22 ||    22
       Yara's Violent Un |       |       |       |       |    10 ||    10
Invok: Recall Ancestor   |       |       |     8 |    15 |    42 ||    65
       Ancestor Life: Kn |       |       |       |     1 |       ||     1
       Idealise          |       |       |       |     2 |     3 ||     5
       Transference      |       |       |       |     1 |     3 ||     4
Evoke: Wand              |       |     3 |    24 |    42 |    70 ||   139
       Lightning rod     |       |       |       |       |    15 ||    15
       Phantom mirror    |       |       |       |       |     1 ||     1
  Use: Scroll            |     2 |     4 |    12 |    11 |    11 ||    40
       Potion            |       |     4 |     5 |     8 |    11 ||    28
 Stab: Sleeping          |    18 |    19 |    29 |    44 |    55 ||   165
       Distracted        |     1 |     2 |     6 |     6 |    11 ||    26
       Confused          |       |    15 |    26 |    26 |    65 ||   132
       Paralysed         |       |       |     2 |     6 |     3 ||    11
Armor: Skin              |     4 |     4 |    42 |    72 |   111 ||   233
Dodge: Dodged            |    88 |   106 |   405 |   628 |  1285 ||  2512

Table legend: (Time is in decaauts)
 A = Elapsed time spent in this place.
 B = Non-inter-level travel time spent in this place.
 C = Inter-level travel time spent in this place.
 D = Time resting spent in this place.
 E = Time spent auto-exploring this place.
 F = Levels seen in this place.
 G = Mean time per level.
                   A        B        C        D        E       F      G
               +--------+--------+--------+--------+--------+-----+--------+
         Total |  53329 |  51116 |   2213 |  23358 |  16377 |  25 | 2133.2 |
       Dungeon |  20330 |  19200 |   1130 |   7036 |   8401 |  10 | 2033.0 |
        Temple |     58 |     58 |      0 |      0 |     21 |   1 |   58.0 |
          Lair |  13534 |  12805 |    729 |   5338 |   3653 |   6 | 2255.7 |
     Snake Pit |   7543 |   7452 |     91 |   4421 |   1807 |   3 | 2514.3 |
  Orcish Mines |   6464 |   6280 |    184 |   3431 |   1443 |   2 | 3232.0 |
   Elven Halls |   1374 |   1298 |     76 |    398 |    613 |   1 | 1374.0 |
       Ossuary |   3027 |   3027 |      0 |   2346 |     42 |   1 | 3027.0 |
       Volcano |    997 |    997 |      0 |    385 |    393 |   1 |  997.0 |
               +--------+--------+--------+--------+--------+-----+--------+

Top non-repeatable levels by time:
   Orc:2: 4647 daAuts
 Snake:2: 4588 daAuts
  Lair:5: 3437 daAuts
 Ossuary: 3027 daAuts
     D:2: 3004 daAuts
     D:9: 2720 daAuts
  Lair:6: 2602 daAuts
     D:6: 2515 daAuts
 Snake:1: 2484 daAuts
     D:7: 2379 daAuts
  Lair:2: 2351 daAuts
  Lair:1: 2104 daAuts
     D:8: 2070 daAuts
     D:5: 1845 daAuts
   Orc:1: 1816 daAuts
